 Dungeon Crawl Stone Soup version 0.28-a0-6-g334057b17a (webtiles) character file.

Game seed: 14642911213540175966

46 MacCMillion the Chiller (level 3, -3/19 HPs)
             Began as a Gargoyle Ice Elementalist on July 23, 2021.
             Slain by a phantom (8 damage)
             ... on level 2 of the Dungeon.
             The game lasted 00:05:02 (2067 turns).

MacCMillion the Chiller (Gargoyle Ice Elementalist) Turns: 2067, Time: 00:05:03

Health: -3/19      AC:  5    Str: 11    XL:     3   Next: 66%
Magic:  6/6        EV: 11    Int: 16    God:
Gold:   63         SH:  0    Dex: 10    Spells: 5/6 levels left

rFire   . . .      SeeInvis .   g - +1 dagger (venom)
rCold   . . .      Faith    .   (no shield)
rNeg    + . .      Spirit   .   a - +0 robe
rPois   ∞          Reflect  .   (no helmet)
rElec   +          Harm     .   (no cloak)
rCorr   .          Rampage  .   (no gloves)
Will    .....                   (no boots)
Stlth   ++........              (no amulet)
HPRegen 0.06/turn               (no ring)
MPRegen 0.10/turn               (no ring)

@: no status effects
A: sickness immunity, AC +3, negative energy resistance 1, electricity
resistance, torment resistance 1, petrification resistance
a: no special abilities


You were on level 2 of the Dungeon.
You visited 1 branch of the dungeon, and saw 2 of its levels.

You collected 63 gold pieces.

Inventory:

Hand Weapons
 d - a +1 short sword of holy wrath
 g - a +1 dagger of venom (weapon)
 i - a +0 short sword of speed
 l - a +1 short sword of venom
Armour
 a - a +0 robe (worn)
Jewellery
 h - a +4 ring of evasion
Scrolls
 b - a scroll of fear {unknown}
 c - 2 scrolls of identify {unknown}
 j - a scroll of vulnerability {unknown}
 k - a scroll of immolation {unknown}
Potions
 e - a potion of curing {unknown}
 f - a potion of flight {unknown}


   Skills:
 - Level 1.5 Dodging
 - Level 2.1 Stealth
 - Level 2.0 Spellcasting
 + Level 5.3 Ice Magic


You had 5 spell levels left.
You knew the following spells:

 Your Spells              Type           Power      Damage    Failure   Level
a - Freeze                Ice            72%        1d9       2%          1

Your spell library contained the following spells:

 Spells                   Type           Power      Damage    Failure   Level
 Frozen Ramparts          Ice            36%        1d5       7%          3
 Ozocubu's Armour         Ice            18%        N/A       7%          3
 Hailstorm                Conj/Ice       10%        3d5       56%         4


Dungeon Overview and Level Annotations

Branches:
Dungeon (2/15)

Altars:


Innate Abilities, Weirdness & Mutations

You are immune to sickness and miasma.
Your stone body is resilient. (AC +3)
You are immune to poison.
You resist negative energy. (rN+)
You are resistant to electric shocks. (rElec)
You are resistant to unholy torment.
You are immune to petrification.


Message History

You freeze the kobold!
You kill the kobold!
Things that are here:
a +1 short sword of venom; a stone
l - a +1 short sword of venom HP restored.
Magic restored.
A frilled lizard comes into view.
The frilled lizard hisses angrily.
A frilled lizard is nearby!
You freeze the frilled lizard!
You kill the frilled lizard!
A phantom comes into view.
Press: ? - help, v - describe, . - travel
Here: a phantom The floor.
You hit the phantom.
The phantom is lightly damaged.
The phantom hits you but does no damage.
You barely miss the phantom.
The phantom is lightly damaged.
The phantom closely misses you.
You barely miss the phantom.
The phantom is lightly damaged.
You hit the phantom but do no damage.
The phantom is lightly damaged.
The phantom hits you.
The phantom blinks!
You blink.
Your +1 dagger of venom begins to drip with poison!
g - a +1 dagger of venom (weapon)
The phantom hits you.
The phantom blinks!
You blink.
You are too injured to fight recklessly!
Unknown command.
You are too injured to fight recklessly!
You barely miss the phantom.
The phantom is lightly damaged.
The phantom hits you.
The phantom blinks!
You blink.
The phantom hits you.
* * * LOW HITPOINT WARNING * * *
The phantom hits you!
You die...

#.# #........ #.#
###########........ #.#
#........##........ #.#
#........#######...
#.###.............##...
#.##..............##...
#.##..............#####
#.##...W.............#
#.##..@...........##.#
#.##..............##.#
#.##.........####.##.#
#.##.........# #...#.#
#.##...#.....# #.†.#.#
#..(.........# #...#.#
#######......# #...#.#
#.###### #...#.# #.#
#...#.#


You could see a phantom.

Vanquished Creatures
  2 adders (D:2)
  2 bats
  5 endoplasms
  A giant cockroach (D:2)
  4 goblins (D:1)
  3 hobgoblins (D:1)
  A quokka (D:1)
  2 frilled lizards
  4 kobolds
  2 rats
26 creatures vanquished.

Notes
Turn   | Place    | Note
-------+----------+-------------------------------------------
     0 | D:1      | MacCMillion the Gargoyle Ice Elementalist began the quest
                  | for the Orb.
     0 | D:1      | Reached XP level 1. HP: 10/10 MP: 3/3
   399 | D:1      | Reached XP level 2. HP: 7/15 MP: 1/5
  1194 | D:1      | Found a faded altar of an unknown god.
  1577 | D:2      | Reached skill level 5 in Ice Magic
  1577 | D:2      | Reached XP level 3. HP: 19/19 MP: 3/6
  2034 | D:2      | Noticed a phantom
  2067 | D:2      | Slain by a phantom

Illustrated notes

Levels and vault maps discovered:
D:1:      onia_arrival_pyramid, layout_loops_ring,
          hellmonk_ecumenical_altar_prayer_group, kennysheep_pointless_box
D:2:      layout_basic, serial_shops, shop

Skill      XL: |  1  2 |
---------------+-------+-----
Ice Magic      | 5 |  5.3
Dodging        | |  1.5
Stealth        | |  2.1
Spellcasting   | |  2.0

Action                   || total
-------------------------++-------
Melee: Dagger            ||     7
       Short sword       ||     5
       Unarmed           ||     1
 Cast: Freeze            ||    37
 Stab: Sleeping          ||     1
Armor: Robe              ||     9
Dodge: Dodged            ||    21

Table legend: (Time is in decaauts)
 A = Elapsed time spent in this place.
 B = Non-inter-level travel time spent in this place.
 C = Inter-level travel time spent in this place.
 D = Time resting spent in this place.
 E = Time spent auto-exploring this place.
 F = Levels seen in this place.
 G = Mean time per level.
                   A        B        C        D        E       F      G
               +--------+--------+--------+--------+--------+-----+--------+
         Total |   2063 |   2010 |     53 |    106 |   1698 |   2 | 1031.5 |
       Dungeon |   2063 |   2010 |     53 |    106 |   1698 |   2 | 1031.5 |
               +--------+--------+--------+--------+--------+-----+--------+

Top non-repeatable levels by time:
     D:1: 1358 daAuts
     D:2: 704 daAuts
